 Dungeon Crawl Stone Soup version 0.32-a0-799-g95e1662365 (webtiles) character file.

Game seed: 12146202394694079383

603 PoncleTheWarlock the Trooper (level 7, -11/65 (66) HPs)
             Began as a Minotaur Berserker on Mar 21, 2024.
             Was a Believer of Trog.
             Mangled by Crazy Yiuf
             ... wielding a +3 quarterstaff of chaos
              (16 damage)
             ... on level 4 of the Dungeon.
             The game lasted 00:10:29 (2730 turns).

PoncleTheWarlock the Trooper (Minotaur Berserker)   Turns: 2730, Time: 00:10:30

HP:   -11/65 (66)   AC:  6    Str: 24    XL:     7   Next: 18%
MP:   5/6           EV: 10    Int:  4    God:    Trog [**....]
Gold: 173           SH:  0    Dex:  9    Spells: 6/6 levels left

rFire   . . .        a - +1 falchion
rCold   . . .        (no shield)
rNeg    . . .        h - +3 ring mail
rPois   .            (helmet restricted)
rElec   .            i - scarf {repulsion}
rCorr   .            d - +0 pair of gloves
SInv    .            (no boots)
Will    .....        (no amulet) Stlth
                     (no ring)
HPRegen 0.30/turn    (no ring)
MPRegen 0.10/turn

%: repel missiles
@: lethally poisoned (-11 -> -17), weakened, corroded, lightly drained
A: horns 2, retaliatory headbutt
a: Renounce Religion, Berserk, Trog's Hand


You were on level 4 of the Dungeon.
You worshipped Trog.
Trog was pleased with you.
You visited 1 branch of the dungeon, and saw 4 of its levels.

You collected 173 gold pieces.

Inventory:

Hand Weapons
 a - a +1 falchion (weapon)
Armour
 d - a +0 pair of gloves (worn)
 h - a +3 ring mail (worn)
 i - a scarf of repulsion (worn)
Jewellery
 l - a ring of ice
Wands
 n - a wand of polymorph (5)
Scrolls
 e - 3 scrolls of identify
 j - a scroll of fear {unknown}
 k - a scroll of fog {unknown}
Potions
 b - a potion of brilliance {unknown}
 c - 5 potions of curing
 f - 2 potions of haste {unknown}
 g - a potion of attraction {unknown}
 m - a potion of ambrosia {unknown}


   Skills:
 * Level 7.1 Fighting
 - Level 4.9 Long Blades
 * Level 6.5 Armour
 - Level 2.1 Dodging


You had 6 spell levels left.
You didn't know any spells.
Your spell library was empty.

Dungeon Overview and Level Annotations

Branches:
Dungeon (4/15)
 Temple: D:4-7

Altars:
Uskayaw

Annotations:
D:4 Crazy Yiuf


Innate Abilities, Weirdness & Mutations

You have a pair of horns on your head.
You reflexively headbutt those who attack you in melee.


Message History

You are slowing down.
You barely miss Crazy Yiuf. Your headbutt misses Crazy Yiuf.
Crazy Yiuf is moderately wounded.
Crazy Yiuf hits you with a +3 quarterstaff of chaos.
You feel your power leaking away. Crazy Yiuf barely misses you.
You furiously retaliate!
You headbutt Crazy Yiuf!
Your limbs are stiffening.
You hit Crazy Yiuf. Your headbutt misses Crazy Yiuf.
Crazy Yiuf is almost dead.
Crazy Yiuf cries, "You leg down broken song, no?"
Crazy Yiuf hits you with a +3 quarterstaff of chaos!
You are poisoned.
You have turned to stone.
Crazy Yiuf says, "Iron testudinal sizzlefizz!"
Crazy Yiuf hits you with a +3 quarterstaff of chaos.
The acid corrodes you!
Crazy Yiuf hits you with a +3 quarterstaff of chaos.
Crazy Yiuf burns you.
Crazy Yiuf hits you with a +3 quarterstaff of chaos!
Crazy Yiuf freezes you.
Crazy Yiuf cries, "Snurf action fast!"
Crazy Yiuf hits you with a +3 quarterstaff of chaos.
Crazy Yiuf freezes you.
Crazy Yiuf grits, "Ten Hive sing-song!"
Crazy Yiuf hits you with a +3 quarterstaff of chaos!
You are electrocuted!
Crazy Yiuf hits you with a +3 quarterstaff of chaos!
* * * LOW HITPOINT WARNING * * *
You are electrocuted!
* * * LOW HITPOINT WARNING * * *
Crazy Yiuf hits you with a +3 quarterstaff of chaos!
* * * LOW HITPOINT WARNING * * *
You feel your attacks grow feeble.
You turn to flesh and can move again.
You hit Crazy Yiuf but do no damage.
Crazy Yiuf is almost dead.
* * * LOW HITPOINT WARNING * * *
You feel very sick.
Crazy Yiuf hits you with a +3 quarterstaff of chaos!
You die...

##.........####....#
.#.........# #....#
...........# ♣....♣
...........# ♣♣...♣
.....####### ♣♣.♣♣
#.♣♣♣♣ ♣♣.♣ .♣P♣♣♣♣#
♣.♣♣ .♣♣.~♣.♣ ♣♣.♣
♣♣♣~~~.♣ ♣@♣♣
P♣.~~~P♣ #g#
....~♣.♣ ...
P.♣PPP♣♣ #...#
♣♣♣♣♣♣♣ #).÷#
......# #####
......# ......#
......##


You could see Crazy Yiuf.

Vanquished Creatures
  Grinder (D:4)
  Sigmund (D:4)
  A bombardier beetle (D:4)
  A jelly (D:4)
  A hound (D:4)
  Jessica (D:2)
  5 adders
  2 ribbon worms
  2 dart slugs (D:4)
  7 orcs (D:4)
  4 bats
  7 endoplasms
  4 giant cockroaches
  6 goblins
  7 hobgoblins
  8 jackals
  8 ball pythons
  A frilled lizard (D:3)
  5 kobolds
  6 rats
78 creatures vanquished.

Notes
Turn   | Place    | Note
-------+----------+-------------------------------------------
     0 | D:1      | PoncleTheWarlock the Minotaur Berserker began the quest for
                  | the Orb.
     0 | D:1      | Reached XP level 1. HP: 19/19 MP: 0/0
   188 | D:1      | Reached XP level 2. HP: 27/27 MP: 1/1
   488 | D:1      | Reached skill level 4 in Fighting
   954 | D:2      | Reached XP level 3. HP: 18/33 MP: 2/2
  1114 | D:2      | Reached ** piety under Trog
  1604 | D:2      | Noticed Jessica
  1609 | D:2      | Killed Jessica
  1610 | D:2      | Reached XP level 4. HP: 37/41 MP: 3/3
  1726 | D:3      | You fall into a shaft and drop 1 floor!
  1760 | D:4      | Reached skill level 5 in Fighting
  1760 | D:4      | Reached XP level 5. HP: 41/48 MP: 4/4
  1850 | D:4      | Noticed Grinder
  1864 | D:4      | Paralysed by Grinder for 4 turns
  1872 | D:4      | Killed Grinder
  1873 | D:4      | Reached skill level 6 in Fighting
  1873 | D:4      | Reached skill level 5 in Armour
  1873 | D:4      | Reached XP level 6. HP: 40/57 MP: 5/5
  2443 | D:4      | Found a hide-covered altar of Uskayaw.
  2489 | D:4      | Noticed Sigmund
  2549 | D:4      | Killed Sigmund
  2550 | D:4      | Reached skill level 7 in Fighting
  2550 | D:4      | Reached XP level 7. HP: 63/66 MP: 6/6
  2686 | D:4      | Found a runed translucent door.
  2687 | D:4      | Noticed Crazy Yiuf
  2730 | D:4      | Mangled by Crazy Yiuf

Illustrated notes

Levels and vault maps discovered:
D:1:      roderic_octagonal_star, layout_basic
D:2:      layout_loops_ring, kennysheep_generic_room_7, uniq_jessica
D:3:      layout_loops_cross, minmay_circle_x
D:4:      kennysheep_big_flooded_room, layout_basic, nicolae_uskayaw_suspiria,
          serial_forest, infiniplex_forest_lined_3_way,
          infiniplex_forest_lined_4_way, infiniplex_forest_straight_5,
          infiniplex_forest_clump_long, infiniplex_forest_pool,
          infiniplex_forest_corner_2, infiniplex_forest_zigzag_1, uniq_sigmund,
          uniq_crazy_yiuf_cottage, uniq_grinder

Skill      XL: |  1  2  3  4  5  6 |
---------------+-------------------+-----
Fighting       | 4 5 6 7 |  7.1
Armour         | 3 4 5 6 |  6.5
Long Blades    | 4 |  4.9
Dodging        | |  2.1

Action                     |  1- 3 |  4- 6 |  7- 9 || total
---------------------------+-------+-------+-------++-------
  Melee: Falchion          |    90 |   108 |     9 ||   207
         Headbutt          |    11 |    18 |     2 ||    31
 Invoke: Berserk           |       |     1 |       ||     1
    Use: Scroll            |     4 |       |       ||     4
 Armour: Animal skin       |    25 |       |       ||    25
         Ring mail         |    36 |    78 |    14 ||   128
  Dodge: Dodged            |    55 |    58 |     2 ||   115
         Repelled          |     1 |     5 |       ||     6

Table legend: (Time is in decaauts)
 A = Elapsed time spent in this place.
 B = Non-inter-level travel time spent in this place.
 C = Inter-level travel time spent in this place.
 D = Time resting spent in this place.
 E = Time spent auto-exploring this place.
 F = Levels seen in this place.
 G = Mean time per level.
                   A        B        C        D        E       F      G
               +--------+--------+--------+--------+--------+-----+--------+
         Total |   2775 |   2709 |     66 |      0 |   2183 |   4 |  693.8 |
       Dungeon |   2775 |   2709 |     66 |      0 |   2183 |   4 |  693.8 |
               +--------+--------+--------+--------+--------+-----+--------+

Top non-repeatable levels by time:
     D:4: 1034 daAuts
     D:2: 842 daAuts
     D:1: 796 daAuts
     D:3: 102 daAuts
